 Dungeon Crawl Stone Soup version 0.28-a0-863-g8cecda6153 (webtiles) character file.

Game seed: 3485826764191700842

27 sanka the Chopper (level 2, -1/25 HPs)
             Began as a Palentonga Abyssal Knight on Nov 16, 2021.
             Was a Follower of Lugonu.
             Succumbed to a goblin's poison
             ... on level 2 of the Dungeon.
             The game lasted 00:00:55 (941 turns).

sanka the Chopper (Palentonga Abyssal Knight)        Turns: 941, Time: 00:00:56

Health: -1/25      AC:  4    Str: 16    XL:     2   Next: 93%
Magic:  3/3        EV:  4    Int: 10    God:    Lugonu [*.....]
Gold:   77         SH: 12    Dex: 16    Spells: 1/1 levels left

rFire   . . .      SeeInvis +   a - +1 hand axe
rCold   . . .      Faith    .   i - +0 tower shield
rNeg    . . .      Spirit   .   b - +0 leather armour
rPois   .          Reflect  .   (no helmet)
rElec   .          Harm     .   (no cloak)
rCorr   .          Rampage  .   (no gloves)
Will    .....                   (no barding)
Stlth   +.........              (no amulet)
HPRegen 0.08/turn               (no ring)
MPRegen 0.08/turn               d - +6 ring of dexterity

@: lethally poisoned (-1 -> -22)
A: large, rugged brown scales 3, see invisible, deformed body, roll 1, armoured
tail
a: Rolling Charge, Renounce Religion, Depart the Abyss


You were on level 2 of the Dungeon.
You worshipped Lugonu.
Lugonu was aware of your devotion.
You visited 1 branch of the dungeon, and saw 2 of its levels.
You visited the Abyss 1 time.

You collected 77 gold pieces.


Innate Abilities, Weirdness & Mutations

You are completely covered in rugged brown scales. (AC +3, +7% HP)
You have supernaturally acute eyesight. (SInv)
Armour fits poorly on your strangely shaped body.
You can roll at nearby foes to attack.
You have a long armoured tail.


   Skills:
 - Level 3.0 Fighting
 + Level 3.1 Axes
 - Level 1.5 Armour
 - Level 0.7 Dodging
 + Level 1.0 Shields
 - Level 2.0 Invocations


You had one spell level left.
You didn't know any spells.
Your spell library was empty.

Inventory:

Hand Weapons
 a - a +1 hand axe (weapon)
Armour
 b - a +0 leather armour (worn)
 i - a +0 tower shield (worn)
Jewellery
 d - a +6 ring of dexterity (right hand)
Scrolls
 c - a scroll of magic mapping {unknown}
 e - a scroll of identify {unknown}
 f - a scroll of vulnerability {unknown}
 h - a scroll of teleportation {unknown}
Potions
 g - 2 potions of mutation {unknown}

Dungeon Overview and Level Annotations

Branches:
Dungeon (2/15)

Altars:

▒▒▒▒▒▒▒▒▒▒▒▒▒
............▒
............▒
............▒
......K.....▒▒▒▒▒▒▒▒▒▒▒▒
......SH................
......).....▒▒▒▒▒▒▒▒▒▒▒.
...............▒▒ ▒..▒.
..▒▒▒▒▒▒▒▒▒▒▒▒..▒ ▒..▒.
. ▒▒.▒ ▒▒..▒. ▒.▒▒▒...▒.
▒..▒▒..▒▒. ▒▒.▒▒.....
▒▒▒▒▒▒▒▒..▒....▒


You could see an adder and a kobold.


Message History

You feel very sick. The adder completely misses you.
You block the kobold's attack. You block the goblin's attack.
The adder bites you.
You are more poisoned.
The adder poisons you!
You barely miss the adder.
The adder is moderately wounded.
You closely miss the goblin. You hit the kobold.
* * * LOW HITPOINT WARNING * * *
You feel very sick. You block the kobold's attack.
The goblin hits you with a +0 dagger of venom.
* * * LOW HITPOINT WARNING * * *
You are more poisoned.
The adder bites you but does no damage.
The kobold hits you with a +0 short sword.
* * * LOW HITPOINT WARNING * * *
You block the goblin's attack. The adder bites you.
* * * LOW HITPOINT WARNING * * *
You hit the adder.
The adder is heavily wounded.
You barely miss the kobold. You hit the goblin.
You kill the goblin!
Lugonu accepts your kill.
You die...

Action                   || total
-------------------------++-------
Melee: Hand axe          ||    33
       Tailslap          ||     6
 Stab: Sleeping          ||     1
Armor: Leather armour    ||    18
Dodge: Dodged            ||     9
Block: Tower shield      ||    12

Levels and vault maps discovered:
D:1:      amcnicky_arrival_choice, layout_loops_ring, minmay_misc_feat_cross,
          roderic_roman_lattice
D:2:      layout_basic

Notes
Turn   | Place    | Note
-------+----------+-------------------------------------------
     0 | Abyss:1  | sanka the Palentonga Abyssal Knight began the quest for the
                  | Orb.
     0 | Abyss:1  | Reached XP level 1. HP: 19/19 MP: 2/2
    35 | D:1      | Escaped the Abyss
   760 | D:2      | Reached XP level 2. HP: 23/25 MP: 3/3
   777 | D:2      | Reached skill level 3 in Axes
   939 | D:2      | Reached skill level 1 in Shields
   941 | D:2      | Succumbed to a goblin's poison

Vanquished Creatures
  A hound skeleton (D:2)
  2 ball pythons
  An endoplasm (D:2)
  2 giant cockroaches
  2 goblins
  2 quokkas
  A bat (D:2)
  2 frilled lizards
  A kobold (D:1)
  A rat (D:1)
15 creatures vanquished.
